 Dungeon Crawl Stone Soup version 0.26.1-2-gb8aa6d0cf2 (webtiles) character file.

Game seed: 2517257854324632236

78530 monstronias the Warrior (level 15, -10/155 HPs)
             Began as a Minotaur Fighter on Mar 23, 2021.
             Was the Champion of Okawaru.
             Mangled by Aizul (15 damage)
             ... on level 1 of the Spider Nest.
             The game lasted 01:18:09 (33091 turns).

monstronias the Warrior (Minotaur Fighter)         Turns: 33091, Time: 01:18:09

Health: -10/155    AC: 25    Str: 27    XL:     15   Next: 18%
Magic:  15/16      EV: 10    Int:  8    God:    Okawaru [******]
Gold:   1256       SH:  0    Dex: 10    Spells: 14/14 levels left

rFire    . . .     SeeInvis +   F - +3 battleaxe (vamp)
rCold    . . .     Faith    .   (shield currently unavailable)
rNeg     + + +     Spirit   .   D - +1 plate armour
rPois    +         Reflect  .   i - +1 hat
rElec    +         Harm     .   v - +0 cloak of the Frog {rCorr}
rCorr    +         Rampage  .   n - +1 pair of gloves
Will     +....                  r - +0 pair of boots of Xaixextio {rElec rN++ Int+3}
Stlth    ..........             d - amulet of regeneration
HPRegen  0.75/turn              y - ring of see invisible
MPRegen  0.15/turn              E - ring "Etuaxo Gaq" {+Fly rElec rPois rN+}

@: lethally poisoned (-10 -> -11), heroism
A: retaliatory headbutt, horns 2
a: Renounce Religion, Evoke Flight, Heroism, Finesse


You were on level 1 of the Spider Nest.
You worshipped Okawaru.
Okawaru was exalted by your worship.
You visited 4 branches of the dungeon, and saw 21 of its levels.

You collected 2310 gold pieces.
You spent 1054 gold pieces at shops.

Inventory:

Hand Weapons
 m - a +3 battleaxe of electrocution
 F - a +3 vampiric battleaxe (weapon)
 L - a +6 vorpal flail
Missiles
 c - 8 atropa-tipped darts
 f - 606 stones (quivered)
 l - 105 poisoned darts
Armour
 i - a +1 hat (worn)
 n - a +1 pair of gloves (worn)
 r - the +0 pair of boots of Xaixextio (worn) {rElec rN++ Int+3}
   (You found it on level 8 of the Dungeon)

   It affects your intelligence (+3).
   It insulates you from electricity.
   It greatly protects you from negative energy.
 v - the +0 cloak of the Frog (worn) {rCorr}
   (Okawaru gifted it to you on level 6 of the Lair of Beasts)

   It provides partial protection from all sources of acid and corrosion.
 D - a +1 plate armour (worn)
 K - the +1 kite shield of Lightning Storm {Rampage rN+ Dex+4}
   (Okawaru gifted it to you on level 11 of the Dungeon)

   It affects your dexterity (+4).
   It protects you from negative energy.
   It bestows one free step when moving towards enemies.
Jewellery
 d - an amulet of regeneration (around neck)
 y - a ring of see invisible (left hand)
 E - the ring "Etuaxo Gaq" (right hand) {+Fly rElec rPois rN+}
   (You bought it in a shop on level 9 of the Dungeon)

   [ring of poison resistance]

   It insulates you from electricity.
   It protects you from poison.
   It protects you from negative energy.
   It lets you fly.
 G - an uncursed ring of flight
 M - an uncursed ring of protection from cold
Wands
 a - a wand of paralysis (10)
 j - a wand of digging (12)
 z - a wand of random effects (40)
 C - a wand of flame (57)
 J - a wand of disintegration (5)
Scrolls
 e - 4 scrolls of identify
 p - 6 scrolls of remove curse
 t - 4 scrolls of teleportation
 w - 2 scrolls of enchant weapon
 x - 2 scrolls of fog
 B - 5 scrolls of enchant armour
 I - 2 scrolls of immolation
 N - a scroll of torment
Potions
 b - 2 potions of mutation
 g - 2 potions of resistance
 h - 4 potions of curing
 k - 3 potions of flight
 q - 4 potions of cancellation
 s - 2 potions of might
 u - a potion of invisibility
 H - 4 potions of haste
 P - 2 potions of lignification


   Skills:
 * Level 20.3(25.3) Fighting
 - Level 16.0(21.8) Axes
 - Level 9.8(19.0) Maces & Flails
 - Level 11.1(16.1) Armour
 - Level 10.3(15.3) Shields
 + Level 3.2 Invocations


You had 14 spell levels left.
You didn't know any spells.
Your spell library contained the following spells:

 Spells                   Type           Power        Failure   Level
 Corona                   Hex            0%           95%         1
 Corpse Rot               Necr/Air       N/A          98%         2
 Ensorcelled Hibernation  Hex/Ice        0%           98%         2
 Confusing Touch          Hex            0%           100%        3
 Dazzling Flash           Conj/Hex       0%           100%        3
 Stone Arrow              Conj/Erth      0%           100%        3
 Tukima's Dance           Hex            0%           100%        3
 Cause Fear               Hex            0%           100%        4
 Silence                  Hex/Air        0%           100%        5
 Summon Forest            Summ/Tloc      0%           100%        5
 Yara's Violent Unravell  Hex/Tmut       0%           100%        5
 Eringya's Noxious Bog    Tmut/Pois      0%           100%        6
 Hydra Form               Tmut           0%           100%        6
 Summon Hydra             Summ           0%           100%        7
 Discord                  Hex            0%           100%        8


Dungeon Overview and Level Annotations

Branches:
Dungeon (11/15)            Temple (0/1) D:7            Lair (6/6) D:11
 Shoals (0/4) Lair:4       Spider (2/4) Lair:3        Slime (0/5) Lair:6
    Orc (2/2) D:10            Elf (0/3) Orc:2

Altars:
Fedhas
Gozag
Kikubaaqudgha
Okawaru
Qazlal
Trog
Vehumet
Xom
The Shining One
Jiyva

Shops:
D:9 =   Orc:1 *[[   Orc:2 =*(

Annotations:
D:6 exclusion: electric eel
D:9 2 transporters, asdsad's ghost, novice HOFi
Lair:6 1 runed translucent door
Spider:1 Aizul
Spider:2 Asterion


Innate Abilities, Weirdness & Mutations

You reflexively headbutt those who attack you in melee.
You have a pair of horns on your head.


Message History

Aizul is almost dead.
You feel sick. Aizul casts a spell at you. The poison arrow misses you.
Aizul hits you!
* * * LOW HITPOINT WARNING * * *
You feel better. Aizul closely misses you. You furiously retaliate!
You headbutt Aizul, but do no damage. You barely miss Aizul.
Your headbutt misses Aizul.
Aizul is almost dead.
Aizul hits you but does no damage.
As you read the scroll of fear, it crumbles to dust.
You assume a fearsome visage.
Aizul easily resists.
Aizul casts a spell at you. The poison arrow hits you!!
You are poisoned.
You partially resist.
* * * LOW HITPOINT WARNING * * *
Aizul hums a lullaby.
Aizul hits you!
You die...

#....#..#####........#
#...##......####....##
#..^..........#.......
####.^.......^##......
##..........#......
##..#.....##...... ###
#..##....##......
##.####..###.###...#..
#....@S..#####....###.
##........## #...## ##
##........###..##
#........##....# #
##>†.....##....# #
##......#...### #
#.....###...# ###
#....###...## ###..
#....# #....###....


You could see Aizul.

Vanquished Creatures
  Gastronok (Lair:2)
  An emperor scorpion (Spider:1)
  An orc warlord (Orc:2)
  An entropy weaver (Spider:1)
  An ettin (D:11)
  2 ogre magi (D:11)
  9 hydras
  A catoblepas (Lair:6)
  A boulder beetle (Spider:1)
  A queen ant (D:9)
  A deep troll shaman (Lair:6)
  4 orc high priests
  7 death yaks
  A spriggan (Lair:5)
  2 unseen horrors (D:11)
  Pikel (D:4)
  An orc knight (Orc:2)
  A deep elf mage (D:11)
  3 orb spiders (Spider:1)
  3 orc sorcerers
  3 wolf spiders (Spider:1)
  12 elephants (Lair:6)
  2 merfolk sirens (Lair:4)
  A black mamba (Lair:5)
  18 cane toads
  2 rime drakes
  2 demonic crawlers
  15 komodo dragons
  2 hornets
  7 trolls
  5 polar bears
  7 jumping spiders
  16 blink frogs
  A slime creature (D:10)
  A shadow (D:11)
  4 tarantellas
  32 yaks
  19 redbacks
  4 wyverns
  2 basilisks
  A vampire mosquito (D:11)
  2 steam dragons
  4 wargs
  15 water moccasins
  20 soldier ants (D:9)
  Duvessa (D:4)
  24 orc warriors
  2 ice beasts
  8 black bears
  3 phantoms
  10 ogres
  4 sky beasts
  2 necrophages
  40 wolves
  3 centaurs
  A big kobold (D:11)
  13 bullfrogs
  Dowan (D:4)
  6 scorpions
  5 wights (D:9)
  9 jellies
  8 killer bees
  4 howler monkeys
  2 electric eels
  A centaur zombie (D:10)
  A quasit (D:6)
  2 centaur skeletons (D:8)
  15 orc priests
  6 hounds
  23 orc wizards
  3 bullfrog skeletons
  2 iguanas
  27 worker ants
  A hound skeleton (D:8)
  A worker ant zombie (D:11)
  A howler monkey skeleton (D:4)
  12 gnolls
  12 adders
  A white imp (D:6)
  15 oozes (D:10)
  An adder skeleton (D:9)
  5 worms
  5 leopard geckos
  90 orcs
  A giant cockroach (D:4)
  11 goblins
  12 hobgoblins
  8 jackals
  2 quokkas
  5 bats
  5 frilled lizards
  A jackal skeleton (D:7)
  A jackal zombie (D:5)
  15 kobolds
  A leopard gecko zombie (D:8)
  3 quokka skeletons
  4 rats
679 creatures vanquished.

Vanquished Creatures (others)
  A bush (D:7)
  59 fungi
  85 plants
145 creatures vanquished.

Grand Total: 824 creatures vanquished

Notes
Turn   | Place    | Note
-------+----------+-------------------------------------------
     0 | D:1      | monstronias the Minotaur Fighter began the quest for the
                  | Orb.
     0 | D:1      | Reached XP level 1. HP: 19/19 MP: 0/0
   257 | D:1      | Reached XP level 2. HP: 27/27 MP: 1/1
   490 | D:1      | Reached skill level 4 in Fighting
  1096 | D:1      | Reached XP level 3. HP: 33/33 MP: 2/2
  1576 | D:2      | Reached XP level 4. HP: 41/41 MP: 3/3
  2246 | D:2      | Reached skill level 5 in Axes
  2904 | D:3      | Found a bloodstained altar of Trog.
  3011 | D:3      | Reached skill level 5 in Fighting
  3011 | D:3      | Reached XP level 5. HP: 43/48 MP: 4/4
  3115 | D:3      | Found an iron altar of Okawaru.
  3318 | D:3      | Became a worshipper of Warmaster Okawaru
  3711 | D:3      | Found a stormy altar of Qazlal.
  4062 | D:3      | Found an ancient bone altar of Kikubaaqudgha.
  4162 | D:3      | Reached XP level 6. HP: 50/56 MP: 5/5
  4227 | D:4      | Noticed Pikel
  4247 | D:4      | HP: 1/56 [Pikel/+0 whip of flaming (3)]
  4250 | D:4      | Killed Pikel
  4250 | D:4      | Reached * piety under Okawaru
  4250 | D:4      | Reached ** piety under Okawaru
  4251 | D:4      | Reached skill level 6 in Fighting
  4251 | D:4      | Reached XP level 7. HP: 2/64 MP: 6/6
  4754 | D:4      | Noticed Duvessa
  4754 | D:4      | Noticed Dowan
  4763 | D:4      | Killed Duvessa
  4764 | D:4      | Reached skill level 7 in Fighting
  4769 | D:4      | Killed Dowan
  5009 | D:4      | Reached XP level 8. HP: 59/73 MP: 7/7
  5717 | D:5      | Entered Level 5 of the Dungeon
  5944 | D:5      | Reached skill level 10 in Axes
  5987 | D:5      | Reached *** piety under Okawaru
  6165 | D:5      | Reached skill level 8 in Fighting
  6626 | D:5      | Found a stormy altar of Qazlal.
  7148 | D:6      | Reached skill level 5 in Armour
  7822 | D:6      | You fall into a shaft and drop 3 floors!
  7829 | D:9      | Reached XP level 9. HP: 82/82 MP: 8/8
  8398 | D:6      | Found a radiant altar of Vehumet.
  8650 | D:7      | Found a staircase to the Ecumenical Temple.
  8712 | D:7      | Reached skill level 9 in Fighting
  9407 | D:7      | Found a glowing golden altar of the Shining One.
 10092 | D:8      | Got a pair of shimmering boots
 10098 | D:8      | Identified the +0 pair of boots of Xaixextio {rElec rN++
                  | Int+3} (You found it on level 8 of the Dungeon)
 10127 | D:8      | Reached **** piety under Okawaru
 10673 | D:8      | Reached skill level 10 in Fighting
 11113 | D:8      | Found a shimmering altar of Xom.
 11138 | D:8      | Reached XP level 10. HP: 64/93 MP: 9/9
 11261 | D:8      | Found a sparkling altar of Nemelex Xobeh.
 11261 | D:8      | Found a bloodstained altar of Trog.
 11263 | D:8      | Found a blossoming altar of Fedhas.
 11263 | D:8      | Found an iron altar of Okawaru.
 11263 | D:8      | Found an opulent altar of Gozag.
 11662 | D:8      | Reached ***** piety under Okawaru
 12000 | D:9      | Noticed asdsad's ghost (novice HOFi)
 12001 | D:9      | Noticed a cyclops
 12001 | D:9      | Noticed a two-headed ogre
 12002 | D:9      | Found a bloodstained altar of Trog.
 12011 | D:9      | Found a transporter.
 12019 | D:9      | Found a transporter.
 12037 | D:9      | Found Jagguv's Jewellery Emporium.
 12044 | D:9      | Bought the ring "Etuaxo Gaq" {+Fly rElec rPois rN+} for 604
                  | gold pieces
 12148 | D:9      | Noticed a moth of wrath
 13019 | D:9      | Received a gift from Okawaru
 13020 | D:9      | Reached skill level 11 in Fighting
 13032 | D:9      | Got a slimy hat {god gift}
 13038 | D:9      | Identified the +2 hat of the Dropbear {Harm +Inv Dex+4
                  | Slay-3} (Okawaru gifted it to you on level 9 of the
                  | Dungeon)
 13875 | D:9      | Reached skill level 15 in Axes
 13994 | D:9      | Reached XP level 11. HP: 93/102 MP: 10/10
 14013 | D:9      | Noticed a queen ant
 14023 | D:9      | Killed a queen ant
 14478 | D:10     | Entered Level 10 of the Dungeon
 14789 | D:10     | Found a staircase to the Orcish Mines.
 15097 | D:10     | Reached skill level 12 in Fighting
 16002 | D:11     | Found a staircase to the Lair.
 16989 | D:11     | Noticed an ogre mage
 16994 | D:11     | Killed an ogre mage
 16997 | D:11     | Noticed a deep elf mage
 17004 | D:11     | Killed a deep elf mage
 17004 | D:11     | Received a gift from Okawaru
 17159 | D:11     | Noticed an unseen horror
 17168 | D:11     | Killed an unseen horror
 17168 | D:11     | Reached ****** piety under Okawaru
 17169 | D:11     | Reached skill level 13 in Fighting
 17169 | D:11     | Reached skill level 10 in Armour
 17191 | D:11     | Noticed an unseen horror
 17202 | D:11     | Killed an unseen horror
 17264 | D:11     | Noticed an ettin
 17273 | D:11     | Killed an ettin
 17274 | D:11     | Reached XP level 12. HP: 93/116 MP: 8/11
 17354 | D:11     | Got a fine silver ring
 17356 | D:11     | Identified the cursed ring of Ysaure {rC+ rN+ Str-4 Int+3}
                  | (You found it on level 11 of the Dungeon)
 17369 | D:11     | Noticed an ogre mage
 17376 | D:11     | Killed an ogre mage
 17391 | D:11     | Reached skill level 14 in Fighting
 17452 | D:11     | Received a gift from Okawaru
 17453 | D:11     | Got a bloodstained kite shield {god gift}
 17459 | D:11     | Identified the +1 kite shield of Lightning Storm {Rampage
                  | rN+ Dex+4} (Okawaru gifted it to you on level 11 of the
                  | Dungeon)
 17766 | Lair:1   | Entered Level 1 of the Lair of Beasts
 17783 | Lair:1   | Noticed a four-headed hydra
 17948 | Lair:1   | Killed a four-headed hydra
 18310 | Lair:1   | You fall into a shaft and drop 1 floor!
 18411 | Lair:1   | Noticed a four-headed hydra
 18675 | Lair:1   | Killed a four-headed hydra
 18676 | Lair:1   | Reached skill level 15 in Fighting
 19089 | Lair:1   | Reached skill level 1 in Invocations
 19212 | Lair:1   | Reached skill level 1 in Maces & Flails
 20677 | Lair:1   | Reached skill level 5 in Maces & Flails
 21468 | Lair:2   | Noticed Gastronok
 21480 | Lair:2   | Killed Gastronok
 21480 | Lair:2   | Received a gift from Okawaru
 21481 | Lair:2   | Reached XP level 13. HP: 102/128 MP: 9/12
 22439 | Lair:3   | Found a hole to the Spider Nest.
 22447 | Lair:3   | Reached skill level 16 in Fighting
 23446 | Lair:4   | Found a staircase to the Shoals.
 24642 | Lair:5   | You fall into a shaft and drop 1 floor!
 24642 | Lair:6   | Entered Level 6 of the Lair of Beasts
 24754 | Lair:6   | Reached skill level 17 in Fighting
 24759 | Lair:6   | Received a gift from Okawaru
 25379 | Lair:6   | Received a gift from Okawaru
 25694 | Lair:6   | Reached skill level 18 in Fighting
 26290 | Lair:6   | Found a runed translucent door.
 26290 | Lair:6   | Found a viscous altar of Jiyva.
 26291 | Lair:6   | Noticed an azure jelly
 26329 | Lair:6   | Found a staircase to the Slime Pits.
 26394 | Lair:6   | Got a scorched cloak {god gift}
 26400 | Lair:6   | Identified the +0 cloak of the Frog {rCorr} (Okawaru gifted
                  | it to you on level 6 of the Lair of Beasts)
 26610 | Lair:5   | Reached XP level 14. HP: 122/143 MP: 9/13
 27018 | Lair:5   | Reached skill level 5 in Shields
 27886 | D:9      | Bought an uncursed amulet of regeneration for 450 gold
                  | pieces
 28940 | Lair:6   | Reached skill level 19 in Fighting
 29195 | Lair:6   | Received a gift from Okawaru
 29686 | Orc:1    | Entered Level 1 of the Orcish Mines
 29724 | Orc:2    | Entered Level 2 of the Orcish Mines
 29724 | Orc:2    | Found Icluwkia's General Store.
 29937 | Orc:2    | Found Tusieg's Antique Weapon Boutique.
 30074 | Orc:2    | Found a staircase to the Elven Halls.
 30083 | Orc:2    | Noticed an orc warlord
 30099 | Orc:2    | Killed an orc warlord
 30102 | Orc:2    | Found Myzuh's Antique Armour Shoppe.
 30282 | Orc:1    | You fall into a shaft and drop 1 floor!
 30351 | Orc:1    | Found Ableskux's Assorted Antiques.
 30365 | Orc:1    | Received a gift from Okawaru
 30405 | Orc:1    | Paralysed by an orc sorcerer for 7 turns
 30416 | Orc:1    | Found Tetuix's Armour Emporium.
 30416 | Orc:1    | Found Uqylem's Antique Armour Shop.
 30752 | Orc:2    | Found Diskoalo's Jewellery Emporium.
 31509 | Spider:1 | Entered Level 1 of the Spider Nest
 31533 | Spider:1 | Reached skill level 10 in Shields
 31968 | Spider:1 | Reached XP level 15. HP: 87/155 MP: 15/15
 32077 | Spider:1 | Reached skill level 20 in Fighting
 32856 | Spider:2 | Noticed Aizul
 32861 | Spider:2 | Noticed Asterion
 32893 | Spider:1 | Received a gift from Okawaru
 33091 | Spider:1 | HP: 5/155 [Aizul/poison arrow (19)]
 33091 | Spider:1 | Mangled by Aizul

Illustrated notes

Levels and vault maps discovered:
D:1:      lemuel_arrival_cross, layout_rooms
D:2:      layout_loops_cross, minmay_small_reverse_x
D:3:      layout_basic, lemuel_round_altar, old_standard_altar,
          lemuel_round_altar, okawaru_altar_gauntlet_db
D:4:      layout_basic, serial_bayou_pond_a, uniq_pikel, uniq_duvessa
D:5:      layout_gridville, grunt_qazlal_clouds
D:6:      cheibrodos_two_vegetables, layout_loops_ring, lemuel_crystal_altar
D:7:      layout_layer_cave, nicolae_tso_swordbearing_angel,
          minmay_temple_entry_antechambers, minmay_hedge_maze
D:8:      layout_basic, doesnt_xom_only_xom
D:9:      layout_basic, gammafunk_ghost_wrathful_warriors, serial_shops,
          nicolae_shop_trees, minivault_29
D:10:     lemuel_slime, layout_basic, hiddenorc2_lemuel,
          hangedman_abyss_or_decor_lesser_grid, minmay_misc_feat_room
D:11:     layout_basic, due_lair_maze_entry_diamond, minmay_evil_grid
Lair:1:   layout_regular_city, minmay_stone_trees_medium
Lair:2:   layout_regular_city, nicolae_volcano_entry_s_turn, uniq_gastronok
Lair:3:   layout_chaotic_city, spider_nest_entry_funnel_web, lemuel_fruit_tree,
          grunt_megastairs_1
Lair:4:   layout_cave_pods, elwin_shoals_entry_rooms,
          infiniplex_staircase_pool_2
Lair:5:   layout_hall_layers, grunt_forest_large_clearings
Lair:6:   grunt_lair_end_beastmaster, layout_cave_pods, slime_altar_2,
          serial_bayou_ford_a, serial_bayou_shore_a, lemuel_fruit_fields
Spider:1: layout_spider_delve
Spider:2: layout_spider_delve, portal_ice_cave_entry_pillars_three, uniq_aizul,
          uniq_asterion
Orc:1:    layout_diamond_mine, serial_shops, nicolae_shop_trees, shop_statue,
          nicolae_shop_crystal
Orc:2:    grunt_orc_gardens, layout_diamond_mine, grunt_orc_garden,
          grunt_orc_garden, grunt_orc_garden, grunt_orc_garden

Skill      XL: |  1  2  3  4  5  6  7  8  9 10 11 12 13 14 15 |
---------------+----------------------------------------------+-----
Axes           | 3 4 5 6 8 9 11 13 15 16 | 16.0
Fighting       | 4 5 6 7 8 10 11 13 15 18 19 20 | 20.3
Armour         | 5 7 10 11 | 11.1
Invocations    | 1 3 |  3.2
Maces & Flails | 6 9 |  9.8
Shields        | 4 10 | 10.3

Action                   |  1- 3 |  4- 6 |  7- 9 | 10-12 | 13-15 || total
-------------------------+-------+-------+-------+-------+-------++-------
Melee: War axe           |    70 |   114 |   336 |   677 |       ||  1197
       Headbutt          |     7 |    21 |    65 |   193 |   216 ||   502
       Punch             |       |       |       |     1 |       ||     1
       Flail             |       |       |       |   155 |   526 ||   681
       Battleaxe         |       |       |       |       |   405 ||   405
Throw: Stone             |     4 |     5 |     2 |       |       ||    11
       Dart              |     7 |     3 |     7 |     1 |     2 ||    20
Invok: Heroism           |       |       |     1 |     1 |     1 ||     3
Evoke: Wand              |       |       |       |     2 |       ||     2
  Use: Scroll            |     1 |     5 |    13 |    12 |     5 ||    36
       Potion            |       |     1 |     1 |     3 |     7 ||    12
Armor: Scale mail        |    42 |    48 |    17 |       |       ||   107
       Chain mail        |       |       |   130 |    17 |       ||   147
       Plate armour      |       |       |       |   359 |   842 ||  1201
Dodge: Dodged            |    47 |    61 |    93 |   239 |   389 ||   829
